 Dungeon Crawl Stone Soup version 0.21.1-1-g345015f (webtiles) character file.

52 Fang the Skirmisher (level 3, -1/36 HPs)
             Began as a Gargoyle Berserker on Apr 23, 2018.
             Was a Follower of Trog.
             Slain by a gnoll
             ... wielding a +0 halberd
              (14 damage)
             ... on level 2 of the Dungeon.
             The game lasted 00:00:49 (666 turns).

Fang the Skirmisher (Gargoyle Berserker)             Turns: 666, Time: 00:00:49

Health: -1/36      AC:  5    Str: 26    XL:     3   Next: 85%
Magic:  3/3        EV: 12    Int:  7    God:    Trog [*.....]
Gold:   12         SH:  0    Dex:  9    Spells: 2/2 levels left

rFire    . . .     SeeInvis .   a - +0 hand axe
rCold    . . .     Gourm    .   (no shield)
rNeg     + . .     Faith    .   b - +0 animal skin
rPois    ∞         Spirit   .   (no helmet)
rElec    +         Reflect  .   (no cloak)
rCorr    .         Harm     .   (no gloves)
MR       .....                  (no boots)
Stlth    ..........             (no amulet)
HPRegen  0.12/turn              h - ring of stealth
MPRegen  0.08/turn              (no ring)

@: berserking, very quick
A: negative energy resistance 1, electricity resistance, unbreathing,
petrification resistance, rot immunity, AC +3
a: Berserk, Burn Spellbooks, Renounce Religion


You were on level 2 of the Dungeon.
You worshipped Trog.
Trog was aware of your devotion.
You were not hungry.

You visited 1 branch of the dungeon, and saw 2 of its levels.

You collected 12 gold pieces.

Inventory:

Hand Weapons
 a - a +0 hand axe (weapon)
Armour
 b - a +0 animal skin (worn)
Jewellery
 h - a ring of stealth (left hand)
Scrolls
 d - a scroll of remove curse {unknown}
 g - a scroll of blinking {unknown}
 i - a scroll of magic mapping {unknown}
 l - a scroll of enchant weapon {unknown}
 n - a scroll of immolation {unknown}
Potions
 e - a potion of magic {unknown}
 f - 2 potions of might {unknown}
 j - a potion of flight {unknown}
 k - a potion of ambrosia {unknown}
 m - a potion of brilliance {unknown}
 o - a potion of agility {unknown}
Comestibles
 c - 2 rations


   Skills:
 + Level 4.0 Fighting
 + Level 3.3 Axes
 + Level 2.3 Armour
 + Level 2.0 Dodging


You had 2 spell levels left.
You didn't know any spells.

Dungeon Overview and Level Annotations

Branches:
Dungeon (2/15)

Altars:


Innate Abilities, Weirdness & Mutations

You are resistant to torment.
Your stone body is resilient. (AC +3)
You are immune to poison.
You resist negative energy. (rN+)
You are resistant to electric shocks. (rElec)
You can survive without breathing.
You are immune to petrification.
You are immune to rotting.


Message History

You feel the power of Trog in you as your rage grows.
You kill the gnoll!
Trog accepts your kill.
Your Dodging skill increases to level 2!
You slash the gnoll!
You kill the gnoll!
Trog accepts your kill.
Your Fighting skill increases to level 4!
The frilled lizard barely misses you. The gnoll barely misses you.
The kobold throws a stone.
The stone barely misses you.
Unknown command.
The adder bites you but does no damage.
You see here a flail.
Unknown command.
You closely miss the adder. You slash the frilled lizard!
You kill the frilled lizard!
Trog accepts your kill.
The kobold throws a stone.
The stone hits you but does no damage.
The gnoll hits you from afar with a halberd!
You die...

#..........#
..........##
#...........
#.........#.
#.?.........
#.....K....#
#####..S$g..###
$.....†@†......
#######(<......
.######.†######
.........#
...####.##
#...##†# #....#
###..# #<.###


You could see a gnoll, an adder and a kobold.

Vanquished Creatures
  2 gnolls (D:2)
  An adder (D:2)
  4 bats
  6 giant cockroaches
  A goblin (D:1)
  A hobgoblin (D:1)
  4 jackals (D:1)
  2 kobolds (D:1)
  A frilled lizard (D:2)
22 creatures vanquished.

Notes
Turn   | Place    | Note
-------+----------+-------------------------------------------
     0 | D:1      | Fang the Gargoyle Berserker began the quest for the Orb.
     0 | D:1      | Reached XP level 1. HP: 14/14 MP: 1/1
   151 | D:1      | Reached XP level 2. HP: 16/19 MP: 2/2
   662 | D:2      | Reached XP level 3. HP: 24/24 MP: 3/3
   664 | D:2      | Reached skill level 4 in Fighting
   666 | D:2      | Slain by a gnoll

Skill      XL: |  1  2  3 |
---------------+----------+-----
Axes           | 3 |  3.3
Dodging        | 2 |  2.0
Fighting       | 4 |  4.0
Armour         | |  2.3

Action                   || total
-------------------------++-------
Melee: Hand axe          ||    53
Invok: Berserk           ||     1
 Stab: Sleeping          ||     1
Armor: Animal skin       ||    36
Dodge: Dodged            ||    52
